 Dungeon Crawl Stone Soup version 0.30-a0-718-geaa24f58ff (webtiles) character file.

Game seed: 5531119078372197611

63 purpskrrrp the Shooter (level 4, -2/34 HPs)
             Began as a Formicid Hunter on Jan 25, 2023.
             Slain by Sigmund
             ... wielding a +3 scythe of flaming
              (3 damage)
             ... on level 2 of the Dungeon.
             The game lasted 00:01:21 (903 turns).

purpskrrrp the Shooter (Formicid Hunter)             Turns: 903, Time: 00:01:21

Health: -2/34      AC:  3    Str: 15    XL:     4   Next: 30%
Magic:  4/4        EV: 12    Int:  9    God:
Gold:   87         SH:  0    Dex: 19    Spells: 3/3 levels left

rFire   . . .      SeeInvis +    a - +0 shortbow
rCold   . . .      Faith    .    (no shield)
rNeg    . . .      Spirit   .    c - +0 leather armour
rPois   .          Reflect  .    (helmet unavailable)
rElec   .          Harm     .    (no cloak)
rCorr   .          Rampage  .    (no gloves)
Will    .....                    (no boots)
Stlth   ++                       (no amulet)
HPRegen 0.25/turn                (no ring)
MPRegen 0.09/turn                (no ring)

@: no status effects
A: permanent stasis, dig shafts and tunnels, antennae 3, four strong arms
a: Dig, Shaft Self


You were on level 2 of the Dungeon.
You visited 1 branch of the dungeon, and saw 2 of its levels.

You collected 87 gold pieces.

Inventory:

Hand Weapons
 a - a +0 shortbow (weapon)
Armour
 c - a +0 leather armour (worn)
Scrolls
 d - a scroll of identify {unknown}
 e - a scroll of fear {unknown}
 f - a scroll of enchant weapon {unknown}
 g - a scroll of teleportation {unknown}


   Skills:
 + Level 2.8 Fighting
 * Level 4.6 Ranged Weapons
 + Level 1.5 Armour
 - Level 1.7 Dodging
 + Level 2.4 Stealth


You had 3 spell levels left.
You didn't know any spells.
Your spell library contained the following spells:

 Spells                   Type           Power      Damage    Failure   Level
 Cigotuvi's Dreadful Rot  Necr/Pois/Air  0%         N/A       58%         2
 Poisonous Vapours        Pois/Air       0%         N/A       58%         2
 Mephitic Cloud           Conj/Pois/Air  0%         N/A       83%         3


Dungeon Overview and Level Annotations

Branches:
Dungeon (2/15)

Altars:

Shops:
D:1 ?

Annotations:
D:2 Sigmund


Innate Abilities, Weirdness & Mutations

You cannot be hasted, slowed, berserked, paralysed or teleported.
You can dig through walls and to a lower floor.
You have a pair of large antennae on your head. (SInv)
Your four strong arms can wield two-handed weapons with a shield.


Message History

You are too confused!
You are too confused!
You are too confused!
You are too confused!
You are too confused!
You are too confused!
You are too confused!
You are too confused!
You are too confused!
You are too confused!
You shoot an arrow. Sigmund barely misses you.
Unknown command.
You shoot an arrow.
A frilled lizard comes into view.
Sigmund gestures at you while chanting. The magic dart hits you!
You shoot an arrow.
Sigmund hits you from afar with a +3 scythe of flaming!
Sigmund burns you.
You shoot an arrow.
You feel less confused. Sigmund barely misses you.
Really read the scroll of immolation?
As you read the scroll of immolation, it crumbles to dust.
The creatures around you are filled with an inner flame!
Sigmund closely misses you.
Non-targeted abil: Dig
Press: ? - help, Q - select action, (/) - cycle Dir - look around, f - activate Look: a frilled lizard (inner flame)
Okay, then.
Fire: a) +0 shortbow
Press: ? - help, Shift-Dir - straight line, f - frilled lizard, p - Sigmund
Aim: a frilled lizard (inner flame, 48% to hit)
You shoot an arrow. The arrow hits Sigmund!
Flame seeps out of Sigmund.
Sigmund is heavily wounded.
Sigmund is engulfed in blazing flames.
Flame seeps out of Sigmund.
Sigmund hits you from afar with a +3 scythe of flaming!
* * * LOW HITPOINT WARNING * * *
Sigmund burns you.
You die...

..# . ..# .....#
##..# ....# #...#
....# #..# ... #.###
.l. ....##### #@#
.##....[## #.#
.######..### ###@###
...........###.....#
########.).........#
.......##.####.....#
######....#
#####.... ######
####


You could see Sigmund (inner flame) and a frilled lizard (inner flame).

Vanquished Creatures
  Natasha (twice) (D:2)
  A dart slug (D:2)
  A ball python (D:1)
  A bat (D:1)
  An endoplasm (D:2)
  A giant cockroach (D:2)
  2 hobgoblins (D:1)
  A kobold (D:2)
  A quokka (D:1)
  2 frilled lizards (D:1)
13 creatures vanquished.

Notes
Turn   | Place    | Note
-------+----------+-------------------------------------------
     0 | D:1      | purpskrrrp the Formicid Hunter began the quest for the Orb.
     0 | D:1      | Reached XP level 1. HP: 16/16 MP: 1/1
   269 | D:1      | Reached XP level 2. HP: 23/23 MP: 2/2
   347 | D:1      | Found Uclack's Magic Scroll Shoppe.
   592 | D:2      | Noticed Natasha
   599 | D:2      | Killed Natasha
   600 | D:2      | Reached skill level 1 in Armour
   600 | D:2      | Reached XP level 3. HP: 16/28 MP: 3/3
   698 | D:2      | Noticed Natasha
   705 | D:2      | Killed Natasha
   706 | D:2      | Reached XP level 4. HP: 15/34 MP: 4/4
   894 | D:2      | Noticed Sigmund
   903 | D:2      | HP: 1/34 [Sigmund/+3 scythe of flaming (13)]
   903 | D:2      | Slain by Sigmund

Illustrated notes

Levels and vault maps discovered:
D:1:      minmay_arrival_doors, layout_loops_cross, serial_shops, shop
D:2:      layout_rooms, grunt_decor_one_mirror, chequers_avenue, dk_vineyard_1,
          uniq_natasha, uniq_sigmund

Skill      XL: |  1  2 |
---------------+-------+-----
Armour         | 1 |  1.5
Stealth        | 2 |  2.4
Fighting       | |  2.8
Ranged Weapons | |  4.6
Dodging        | |  1.7

Action                     |  1- 3 |  4- 6 || total
---------------------------+-------+-------++-------
   Fire: Shortbow          |    42 |     8 ||    50
    Use: Scroll            |       |     1 ||     1
 Armour: Leather armour    |     1 |       ||     1
  Dodge: Dodged            |     5 |     3 ||     8

Table legend: (Time is in decaauts)
 A = Elapsed time spent in this place.
 B = Non-inter-level travel time spent in this place.
 C = Inter-level travel time spent in this place.
 D = Time resting spent in this place.
 E = Time spent auto-exploring this place.
 F = Levels seen in this place.
 G = Mean time per level.
                   A        B        C        D        E       F      G
               +--------+--------+--------+--------+--------+-----+--------+
         Total |    918 |    894 |     24 |      0 |    785 |   2 |  459.0 |
       Dungeon |    918 |    894 |     24 |      0 |    785 |   2 |  459.0 |
               +--------+--------+--------+--------+--------+-----+--------+

Top non-repeatable levels by time:
     D:1: 582 daAuts
     D:2: 335 daAuts
